 Dungeon Crawl Stone Soup version 0.28.0 (webtiles) character file.

Game seed: 6017758595657824736

276 jfcaron the Caller (level 6, 0/41 HPs)
             Began as a Barachi Summoner on Feb 12, 2022.
             Slain by Edmund (8 damage)
             ... on level 4 of the Dungeon.
             The game lasted 00:09:37 (4017 turns).

jfcaron the Caller (Barachi Summoner)               Turns: 4017, Time: 00:09:38

Health: 0/41       AC:  5    Str: 11    XL:     6   Next: 25%
Magic:  0/12       EV: 11    Int: 15    God:
Gold:   126        SH:  4    Dex: 13    Spells: 0/13 levels left

rFire   . . .      SeeInvis .   b - +0 trident
rCold   . . .      Faith    .   w - +0 buckler
rNeg    . . .      Spirit   +   k - +0 leather armour
rPois   .          Reflect  .   s - +0 helmet
rElec   .          Harm     .   (no cloak)
rCorr   .          Rampage  .   (no gloves)
Will    .....                   r - +0 pair of boots
Stlth   ++........              v - amulet of guardian spirit
HPRegen 0.13/turn               (no ring)
MPRegen 0.13/turn               (no ring)

@: slow
A: amphibious, slowness 1, strong legs 1, +LOS
a: Hop


You were on level 4 of the Dungeon.
You visited 1 branch of the dungeon, and saw 4 of its levels.

You collected 126 gold pieces.

Inventory:

Hand Weapons
 b - a +0 trident (weapon)
 d - a +1 mace
Missiles
 c - 41 stones
 e - 3 boomerangs
 o - 4 poisoned darts
Armour
 a - a +0 robe
 k - a +0 leather armour (worn)
 r - a +0 pair of boots (worn)
 s - a +0 helmet (worn)
 w - a +0 buckler (worn)
Jewellery
 v - an amulet of guardian spirit (around neck)
Scrolls
 i - a scroll of enchant weapon
Potions
 f - a potion of berserk rage
 g - a potion of haste
 l - a potion of flight {unknown}
 m - a potion of curing {unknown}


   Skills:
 - Level 2.1 Dodging
 - Level 1.7 Stealth
 + Level 1.9 Shields
 - Level 4.0 Spellcasting
 * Level 7.3 Summonings


You couldn't memorise any spells.
You knew the following spells:

 Your Spells              Type           Power      Damage    Failure   Level
a - Summon Small Mammal   Summ           100%       N/A       1%          1
b - Call Imp              Summ           25%        N/A       2%          2
c - Call Canine Familiar  Summ           25%        N/A       4%          3
d - Summon Guardian Gole  Hex/Summ       14%        N/A       22%         3
e - Summon Lightning Spi  Summ/Air       14%        N/A       56%         4

Your spell library contained the following spells:

 Spells                   Type           Power      Damage    Failure   Level
 Orb of Destruction       Conj           1%         9d5       100%        7
 Spellforged Servitor     Conj/Summ      7%         N/A       100%        7


Dungeon Overview and Level Annotations

Branches:
Dungeon (4/15)
 Temple: D:4-7

Altars:
Dithmenos
Gozag
Qazlal
Wu Jian

Annotations:
D:4 3 exclusions, Edmund


Innate Abilities, Weirdness & Mutations

You are amphibious.
You cover ground slowly.
You can hop short distances.
You have an extended range of vision and can be seen from far away.


Message History

Your hound bites the ball python.
The ball python dies!
Your white imp hits Edmund but does no damage.
Unknown command.
You block Edmund's attack.
Your white imp hits Edmund.
Your white imp freezes Edmund.
Your hound bites Edmund but does no damage.
You hit Edmund.
Edmund is moderately wounded.
Your hound bites Edmund but does no damage.
Edmund misses you.
Your white imp hits Edmund but does no damage.
Edmund hits you with a +2 dire flail of protection!
Your hound bites Edmund but does no damage.
Your white imp hits Edmund but does no damage.
Your hound barely misses Edmund.
Casting: Call Imp (safe; 2% risk of failure)
Confirm with . or Enter, or press ? or * to list all spells.
Your hound barely misses Edmund.
Edmund says, "People accused me of being a cutpurse!"
Edmund hits you with a +2 dire flail of protection.
Your white imp closely misses Edmund.
Casting: Summon Small Mammal (safe; 1% risk of failure)
Confirm with . or Enter, or press ? or * to list all spells.
Your hound bites Edmund.
Edmund misses you.
Your white imp hits Edmund but does no damage.
Your hound bites Edmund.
You barely miss Edmund.
Edmund is heavily wounded.
Your hound bites Edmund but does no damage.
Edmund hits you with a +2 dire flail of protection!
* * * LOW HITPOINT WARNING * * *
Your white imp barely misses Edmund.
Your rat completely misses Edmund.
Your rat bites Edmund but does no damage.
Your hound barely misses Edmund.
Your rat closely misses Edmund.
Your hound barely misses Edmund.
Your white imp barely misses Edmund.
Edmund whines, "My parents never had time for me!"
Edmund hits you with a +2 dire flail of protection!
You die...

.........................
##.######...........##.##
#. #.................. #.#
#.##############..#
##.####........##..[....#
#..........###.##.......#
##........................
#...............##......#.
#.....rr@@..######......#.
#......5h...# #......#.
#.#......#### #......#.
#####.#......# ..........
..............# ..........
######.##.....# ..........
......†)..# ..........
...##.#.....# #.#.### ....
..#.....# #.#. #


You could see Edmund (ally target), a friendly hound (summoned), a friendly
white imp (summoned) and 2 friendly rats.

Vanquished Creatures
  A black bear (D:4)
  A water moccasin skeleton (D:4)
  8 adders
  An ufetubus (D:4)
  A worm (D:3)
  3 dart slugs
  4 orcs (D:4)
  4 bats
  5 endoplasms
  A giant cockroach (D:2)
  3 goblins
  3 hobgoblins
  3 jackals (D:1)
  2 kobolds
  3 quokkas
  A ball python (D:4)
  A frilled lizard (D:1)
  2 rats
47 creatures vanquished.

Notes
Turn   | Place    | Note
-------+----------+-------------------------------------------
     0 | D:1      | jfcaron the Barachi Summoner began the quest for the Orb.
     0 | D:1      | Reached XP level 1. HP: 13/13 MP: 3/3
   147 | D:1      | Reached skill level 5 in Summonings
   228 | D:1      | Found a faded altar of an unknown god.
   247 | D:1      | Reached XP level 2. HP: 16/19 MP: 1/5
   250 | D:1      | Learned a level 2 spell: Call Imp
  1285 | D:1      | Reached XP level 3. HP: 13/24 MP: 3/7
  1289 | D:1      | Learned a level 3 spell: Call Canine Familiar
  1830 | D:2      | Reached XP level 4. HP: 28/30 MP: 2/9
  2269 | D:2      | Reached skill level 6 in Summonings
  2817 | D:3      | Found an ornate altar of the Wu Jian Council.
  2821 | D:3      | Found an opulent altar of Gozag.
  2826 | D:3      | Found a shadowy altar of Dithmenos.
  3342 | D:3      | Reached XP level 5. HP: 35/35 MP: 6/10
  3351 | D:3      | Learned a level 3 spell: Summon Guardian Golem
  3567 | D:4      | Noticed a lemure
  3611 | D:4      | Noticed a black bear
  3622 | D:4      | Killed a black bear
  3623 | D:4      | Reached skill level 1 in Shields
  3623 | D:4      | Reached skill level 7 in Summonings
  3680 | D:4      | Reached XP level 6. HP: 27/41 MP: 3/12
  3685 | D:4      | Learned a level 4 spell: Summon Lightning Spire
  3916 | D:4      | Found a stormy altar of Qazlal.
  4002 | D:4      | Noticed Edmund
  4015 | D:4      | HP: 8/41 [Edmund (13)]
  4017 | D:4      | Slain by Edmund

Illustrated notes

Levels and vault maps discovered:
D:1:      doesnt_arrival_eight_statues, layout_basic,
          hellmonk_ecumenical_altar_leap_of_faith, kennysheep_decorative_pillar
D:2:      layout_loops_ring
D:3:      layout_basic, grunt_temple_overflow_diamond
D:4:      layout_basic, mainiacjoe_overflow_24_doors,
          makhleb_blood_cavern_becter, overflow_temple_1_default, serial_shops,
          shop, uniq_crazy_yiuf_cottage, uniq_edmund, uniq_pikel

Skill      XL: |  1  2  3  4  5 |
---------------+----------------+-----
Summonings     | 5 6 7 |  7.3
Spellcasting   | 3 4 |  4.0
Shields        | 1 |  1.9
Dodging        | |  2.1
Stealth        | |  1.7

Action                   |  1- 3 |  4- 6 || total
-------------------------+-------+-------++-------
Melee: Club              |    10 |       ||    10
       Punch             |     2 |     1 ||     3
       Mace              |    14 |    38 ||    52
       Trident           |       |    20 ||    20
 Cast: Summon Small Mamm |    28 |    15 ||    43
       Call Imp          |     7 |     5 ||    12
       Call Canine Famil |     2 |    10 ||    12
  Use: Scroll            |       |    10 ||    10
 Stab: Distracted        |       |     1 ||     1
Armor: Robe              |     9 |     2 ||    11
       Leather armour    |       |    18 ||    18
Dodge: Dodged            |    36 |    56 ||    92
Block: Buckler           |       |     5 ||     5
